 Dungeon Crawl Stone Soup version 0.27-a0-705-ga0013940fb (webtiles) character file.

Game seed: 5298882637204156956

124349 sleeves the Phalangite (level 16, -14/133 HPs)
             Began as a Merfolk Arcane Marksman on Mar 22, 2021.
             Was the Champion of Okawaru.
             Demolished by Donald
             ... wielding a +2 eveningstar of holy wrath
              (35 damage)
             ... on level 1 of the Spider Nest.
             The game lasted 01:16:48 (34879 turns).

sleeves the Phalangite (Merfolk Arcane Marksman)   Turns: 34879, Time: 01:16:48

Health: -14/133    AC: 35    Str: 22    XL:     16   Next: 92%
Magic:  22/22      EV:  7    Int:  9    God:    Okawaru [******]
Gold:   1849       SH:  0    Dex: 14    Spells: 16/17 levels left

rFire    + . .     SeeInvis .   k - +3 bardiche (vorpal)
rCold    . . .     Faith    .   (shield currently unavailable)
rNeg     . . .     Spirit   .   V - +5 crystal plate armour of Death Resistance {god gift, rElec rF+ Int-5}
rPois    +         Reflect  .   v - +0 helmet
rElec    +         Harm     .   z - +1 cloak {rPois}
rCorr    .         Rampage  .   I - +1 pair of gloves
Will     ++...                  s - +2 pair of boots
Stlth    ..........             Z - amulet of regeneration
HPRegen  1.32/turn              i - ring of willpower
MPRegen  0.18/turn              X - +6 ring of strength

@: about to teleport
A: (nimble swimmer 2), mertail
a: Renounce Religion, Heroism, Finesse


You were on level 1 of the Spider Nest.
You worshipped Okawaru.
Okawaru was exalted by your worship.
You visited 5 branches of the dungeon, and saw 26 of its levels.
You also visited: Sewer and Ice Cave.

You collected 2470 gold pieces.
You spent 621 gold pieces at shops.

Inventory:

Hand Weapons
 k - a +3 vorpal bardiche (weapon)
   (You took it off an orc knight on level 2 of the Orcish Mines)
 o - the +8 broad axe of Punishment {flame, rC+ rN+ Int+2}
   (You found it on level 13 of the Dungeon)

   It has been specially enchanted to burn those struck by it, causing extra
   injury to most foes and up to half again as much damage against particularly
   susceptible opponents.
   Big, fiery blades are also staple armaments of hydra-hunters.
   It affects your intelligence (+2).
   It protects you from cold.
   It protects you from negative energy.
Missiles
 c - 39 javelins (quivered)
 d - 5 throwing nets
 g - 19 silver javelins {god gift}
 h - 10 datura-tipped darts {god gift}
 y - 8 silver boomerangs {god gift}
 N - 18 atropa-tipped darts
Armour
 s - a +2 pair of boots (worn)
   (You found it on level 2 of the Dungeon)
 v - a +0 helmet (worn)
   (You found it on level 1 of the Lair of Beasts)
 z - a +1 cloak of poison resistance (worn)
   (You bought it in a shop on level 2 of the Orcish Mines)
 I - a +1 pair of gloves (worn)
   (You found it on level 2 of the Lair of Beasts)
 V - the +5 crystal plate armour of Death Resistance (worn) {god gift, rElec rF+ Int-5}
   (Okawaru gifted it to you on level 6 of the Lair of Beasts)

   It affects your intelligence (-5).
   It protects you from fire.
   It insulates you from electricity.
 W - a +2 chain mail of poison resistance
   (You took it off an orc warrior on level 9 of the Dungeon)
Jewellery
 i - a ring of willpower (right hand)
   (You found it on level 4 of the Dungeon)
 F - a ring of willpower
   (You found it in an ice cave)
 L - the ring "Xudeskin" {+Fly rF++ rN+++ Int-3 Dex-3}
   (You bought it in a shop on level 2 of the Orcish Mines)

   [ring of flight]

   It affects your intelligence (-3).
   It affects your dexterity (-3).
   It greatly protects you from fire.
   It renders you almost immune to negative energy.
   It lets you fly.
 X - a +6 ring of strength (left hand)
   (You found it on level 9 of the Dungeon)
 Z - an amulet of regeneration (around neck)
   (You found it on level 10 of the Dungeon)
Wands
 l - a wand of iceblast (33)
   (You found it on level 2 of the Dungeon)
 K - a wand of charming (1)
   (You found it on level 7 of the Dungeon)
 P - a wand of digging (14)
   (You found it on level 8 of the Dungeon)
 Y - a wand of acid (21)
   (You found it on level 2 of the Lair of Beasts)
Scrolls
 a - 8 scrolls of teleportation
 f - 6 scrolls of amnesia
 n - 2 scrolls of fog
 r - 2 scrolls of immolation
 t - 2 scrolls of silence
 u - a scroll of summoning {unknown}
 B - 3 scrolls of magic mapping
 E - a scroll of acquirement {unknown}
 H - 2 scrolls of holy word
 J - 2 scrolls of enchant weapon
 O - 7 scrolls of enchant armour
 S - a scroll of brand weapon
 T - a scroll of torment
 U - 2 scrolls of blinking
Potions
 b - 4 potions of might
 e - 2 potions of berserk rage
 j - 4 potions of flight {unknown}
 m - 11 potions of curing
 q - 2 potions of resistance {unknown}
 w - 4 potions of brilliance
 A - 9 potions of heal wounds
 C - 5 potions of haste
 D - 2 potions of magic {unknown}
 G - 2 potions of mutation
 Q - a potion of ambrosia {unknown}


   Skills:
 + Level 14.0 Fighting
 + Level 21.0 Polearms
 + Level 14.3 Throwing
 + Level 10.4 Armour
 - Level 8.0 Dodging
 - Level 1.0 Spellcasting
 - Level 3.0 Hexes
 - Level 8.0 Invocations


You had 16 spell levels left.
You knew the following spells:

 Your Spells              Type           Power      Damage    Failure   Level
a - Corona                Hex            5%         N/A       100%        1

Your spell library contained the following spells:

 Spells                   Type           Power      Damage    Failure   Level
 Apportation              Tloc           0%         N/A       100%        1
 Beastly Appendage        Tmut           0%         N/A       100%        1
 Magic Dart               Conj           0%         1d3       100%        1
 Sandblast                Erth           0%         2d4       100%        1
 Sting                    Tmut/Pois      0%         1d3       100%        1
 Ensorcelled Hibernation  Hex/Ice        6%         N/A       100%        2
 Passwall                 Tmut/Erth      0%         N/A       100%        2
 Poisonous Vapours        Pois/Air       0%         N/A       100%        2
 Searing Ray              Conj           0%         3d3       100%        2
 Slow                     Hex            5%         N/A       100%        2
 Wereblood                Tmut           0%         N/A       100%        2
 Confusing Touch          Hex            5%         N/A       100%        3
 Dazzling Flash           Conj/Hex       6%         N/A       100%        3
 Gell's Gravitas          Tloc           0%         N/A       100%        3
 Ignite Poison            Fire/Tmut/Pois 0%         N/A       100%        3
 Inner Flame              Hex/Fire       3%         N/A       100%        3
 Lesser Beckoning         Tloc           0%         N/A       100%        3
 Mephitic Cloud           Conj/Pois/Air  0%         N/A       100%        3
 Portal Projectile        Hex/Tloc       6%         N/A       100%        3
 Spider Form              Tmut/Pois      0%         N/A       100%        3
 Stone Arrow              Conj/Erth      0%         3d7       100%        3
 Tukima's Dance           Hex            5%         N/A       100%        3
 Animate Armour           Summ/Erth      0%         N/A       100%        4
 Cause Fear               Hex            2%         N/A       100%        4
 Fulminant Prism          Conj/Hex       1%         3d6       100%        4
 Ice Form                 Ice/Tmut       0%         N/A       100%        4
 Iskenderun's Mystic Bla  Conj/Tloc      0%         2d3       100%        4
 Leda's Liquefaction      Hex/Erth       1%         N/A       100%        4
 Olgreb's Toxic Radiance  Pois           0%         N/A       100%        4
 Petrify                  Tmut/Erth      0%         N/A       100%        4
 Alistair's Intoxication  Tmut/Pois      0%         N/A       100%        5
 Blade Hands              Tmut           0%         N/A       100%        5
 Borgnjor's Vile Clutch   Necr/Erth      0%         N/A       100%        5
 Lee's Rapid Deconstruct  Erth           0%         3d5*      100%        5
 Metabolic Englaciation   Hex/Ice        1%         N/A       100%        5
 Silence                  Hex/Air        1%         N/A       100%        5
 Summon Mana Viper        Hex/Summ       3%         N/A       100%        5
 Yara's Violent Unravell  Hex/Tmut       1%         3d3       100%        5
 Invisibility             Hex            5%         N/A       100%        6
 Shadow Creatures         Summ           N/A        N/A       100%        6


Dungeon Overview and Level Annotations

Branches:
Dungeon (15/15)            Temple (1/1) D:4            Lair (6/6) D:8
 Shoals (0/4) Lair:3       Spider (2/4) Lair:2        Slime (0/5) Lair:5
    Orc (2/2) D:10            Elf (0/3) Orc:2        Vaults (0/5) D:13
 Depths (0/5) D:15          Sewer (visited)           IceCv (visited)

Altars:
Ashenzari
Cheibriados
Dithmenos
Elyvilon
Fedhas
Gozag
Hepliaklqana
Kikubaaqudgha
Makhleb
Nemelex Xobeh
Okawaru
Qazlal
Ru
Sif Muna
Trog
Uskayaw
Vehumet
Wu Jian
Xom
Yredelemnul
Zin
The Shining One

Shops:
D:10 :   D:13 *   Orc:2 (***

Portals:
Trove: D:12 (give horn of Geryon)

Annotations:
D:6 1 runed translucent door, Zdeegee's ghost, novice OpVM
D:13 2 transporters
Lair:1 exclusion: oklob plant
Spider:1 Donald
Spider:2 Agnes


Innate Abilities, Weirdness & Mutations

((You are quick and stealthy while swimming. (Stealth+, EV+, Speed+++)))
Your lower body shifts to a powerful aquatic tail in water.


Message History

The wolf spider hits you but does no damage.
The wolf spider bites you.
You see here a jumping spider corpse.
You slice the wolf spider like a ripe choko!!!
You kill the wolf spider!
Okawaru accepts your kill.
You slice the redback!!
You kill the redback!
Okawaru accepts your kill.
You slice the demonic crawler!!
The demonic crawler is severely wounded.
The demonic crawler hits you but does no damage.
The demonic crawler barely misses you.
The demonic crawler hits you but does no damage.
You carve the demonic crawler like a ham!!!
You kill the demonic crawler!
Okawaru accepts your kill.
You completely miss the redback.
The redback bites you but does no damage. x2
You slice the redback like a ripe choko!!!
You kill the redback!
Okawaru accepts your kill.
No target in view!
No target in view!
Things that are here:
a demonic crawler corpse; a wolf spider corpse
Found a robe.
U - 2 scrolls of blinking (gained 1)
Found a hand crossbow.
You now have 1745 gold pieces (gained 12).
Found a falchion.
j - 4 cyan potions (gained 1)
Found a stone staircase leading down.
The queen bee buzzes angrily.
The killer bee buzzes angrily.
You hear an angry buzzing noise. x5
Found a halberd and a chain mail.
The killer bee buzzes angrily. x2
Found 17 arrows.
A wolf spider and a demonic crawler come into view.
The wolf spider hisses angrily.
The demonic crawler gives a hideous shriek!
You hear an angry hiss. x2
The demonic crawler closely misses you. The demonic crawler hits you.
The demonic crawler hits you but does no damage.
You hit the demonic crawler.
The demonic crawler is lightly wounded.
The demonic crawler hits you but does no damage.
The demonic crawler completely misses you.
The demonic crawler barely misses you.
You barely miss the demonic crawler.
The demonic crawler is lightly wounded.
The wolf spider hits you but does no damage.
The wolf spider bites you.
The demonic crawler hits you but does no damage.
The demonic crawler hits you. The demonic crawler closely misses you.
An orb spider comes into view.
The wolf spider hits you but does no damage.
The wolf spider bites you.
You hear an angry hiss.
The orb spider hisses angrily.
You slash the demonic crawler!
The demonic crawler is moderately wounded.
The demonic crawler hits you. x2
The demonic crawler hits you but does no damage.
A wolf spider comes into view.
The wolf spider hits you!
The wolf spider bites you but does no damage.
Your crystal plate armour of Death Resistance prevents you from hitting the demonic crawler.
The demonic crawler is moderately wounded.
The demonic crawler hits you but does no damage. x3
The wolf spider hits you but does no damage.
The wolf spider bites you but does no damage.
The demonic crawler hits you but does no damage.
The demonic crawler hits you.
The demonic crawler hits you but does no damage.
You hit the demonic crawler.
The demonic crawler is heavily wounded.
The demonic crawler hits you but does no damage.
The demonic crawler completely misses you. x2
The wolf spider hits you! The wolf spider closely misses you.
You slash the demonic crawler!
The demonic crawler is severely wounded.
The wolf spider hits you.
The wolf spider bites you but does no damage.
The wolf spider hits you but does no damage.
The wolf spider bites you but does no damage.
The demonic crawler hits you but does no damage. x3
The wolf spider barely misses you. The wolf spider closely misses you.
You slice the demonic crawler!!
You kill the demonic crawler!
Okawaru accepts your kill. The wolf spider hits you!
The wolf spider bites you but does no damage.
The wolf spider hits you but does no damage.
The wolf spider bites you but does no damage.
You slice the wolf spider!!
The wolf spider is heavily wounded.
The wolf spider hits you but does no damage.
The wolf spider bites you but does no damage.
The wolf spider hits you.
The wolf spider bites you but does no damage.
The wolf spider hits you.
The wolf spider bites you but does no damage.
You are too injured to fight recklessly!
You are too injured to fight recklessly!
Aiming: Charm
Press: ? - help, Shift-Dir - straight line, f - wolf spider
Aim: a wolf spider (chance to affect: 46%)
The wolf spider is charmed.
Your wolf spider completely misses the wolf spider.
Your wolf spider barely misses the wolf spider.
The wolf spider closely misses you. The wolf spider barely misses you.
Your wolf spider hits the wolf spider!
Your wolf spider bites the wolf spider!
Your crystal plate armour of Death Resistance prevents you from hitting the wolf spider.
The wolf spider is severely wounded.
The wolf spider hits you but does no damage.
The wolf spider bites you but does no damage.
Your wolf spider hits the wolf spider!
Your wolf spider barely misses the wolf spider.
The wolf spider hits your wolf spider! The wolf spider bites your wolf spider.
You hear an angry hiss.
Your wolf spider hits the wolf spider!
The wolf spider dies!
Okawaru accepts your kill.
The orb spider begins to weave its threads into a brightly glowing ball.
Your wolf spider closely misses the orb spider. x2
Your wolf spider hits the orb spider!
Your wolf spider bites the orb spider!
The orb spider looks as sick as possible!
Your wolf spider poisons the orb spider!
The orb spider weaves a glowing orb of energy.
The wavering orb of destruction weakly hits your wolf spider!!
There is a stone staircase leading down here.
Your wolf spider hits the orb spider!
The orb spider dies!
Okawaru accepts your kill.
Found 15 gold pieces.
Okawaru accepts your kill.
You feel a bit more experienced.
You now have 1760 gold pieces (gained 15).
You throw a javelin.
The javelin closely misses the wolf spider.
You throw a javelin.
The javelin pierces through the wolf spider!!
You kill the wolf spider!
Okawaru accepts your kill.
c - 37 javelins (gained 2)
Found a stone staircase leading down.
You now have 1788 gold pieces (gained 28).
You see here a wolf spider corpse.
You see here a tarantella corpse.
You see here a +0 hand crossbow.
Key pressed, stopping explore.
You see here a +0 falchion.
Found a stone staircase leading down.
Found 2 potions of attraction.
You now have 1808 gold pieces (gained 20).
Found a pair of boots.
You now have 1826 gold pieces (gained 18).
Found a pair of boots.
An orb spider comes into view.
The orb spider hisses angrily.
A jumping spider comes into view.
You throw a javelin.
The javelin pierces through the orb spider!!
The orb spider is severely wounded.
You hear an angry hiss. x2
The orb spider spins a strand of pure energy.
A jumping spider comes into view.
You throw a javelin.
The javelin pierces through the orb spider!!
You kill the orb spider!
Okawaru accepts your kill.
The javelin pierces through the jumping spider!
The jumping spider is moderately wounded.
You hear an angry hiss.
A jumping spider comes into view.
You throw a javelin.
The javelin pierces through the jumping spider!!
The jumping spider is severely wounded.
The jumping spider leaps! x2
A jumping spider comes into view.
The jumping spider leaps!
You throw a javelin.
The javelin barely misses the jumping spider.
The jumping spider leaps! x2
You throw a javelin.
The javelin pierces through the jumping spider!!
The jumping spider is heavily wounded.
You throw a javelin.
The javelin pierces through the jumping spider!!
You kill the jumping spider!
Okawaru accepts your kill.
A redback comes into view.
An orb spider comes into view.
You throw a javelin. The orb spider hisses angrily.
The javelin pierces through the jumping spider!
The jumping spider is almost dead.
You hear an angry hiss.
The jumping spider leaps!
The orb spider pulsates with a strange energy.
An orb spider comes into view.
You throw a javelin.
The javelin pierces through the redback!!
The redback is almost dead.
You hear an angry hiss.
A wolf spider comes into view.
You throw a javelin.
The javelin pierces through the redback!
You kill the redback!
Okawaru accepts your kill.
The javelin pierces through the orb spider but does no damage.
You hear an angry hiss.
A jumping spider comes into view.
The orb spider pulsates with a strange energy.
The orb spider weaves a glowing orb of energy.
An orb of destruction comes into view.
You throw a javelin.
The javelin pierces through the wolf spider!!
The wolf spider is heavily wounded.
The jumping spider leaps!
You throw a javelin.
The javelin pierces through the jumping spider.
The jumping spider is lightly wounded.
The jumping spider pounces on you!
The jumping spider bites you but does no damage.
A wolf spider comes into view.
The jumping spider leaps!
You throw a javelin.
The javelin closely misses the wolf spider.
The wolf spider hisses angrily.
The javelin pierces through the orb spider!!
The orb spider is severely wounded.
You hear a shout!
The orb of destruction hits you!!
The jumping spider leaps!
You throw a javelin.
The javelin pierces through the jumping spider.
The jumping spider is lightly wounded.
The jumping spider leaps! x2
You throw a javelin.
The javelin pierces through the wolf spider.
The wolf spider is heavily wounded.
The javelin pierces through the orb spider!
The orb spider is almost dead.
The javelin pierces through the jumping spider!!!
You kill the jumping spider!
Okawaru accepts your kill.
The wolf spider hits you but does no damage.
The wolf spider closely misses you.
The wolf spider hits you but does no damage.
The wolf spider bites you but does no damage.
The jumping spider leaps!
A redback comes into view.
You throw a javelin.
The javelin pierces through the wolf spider.
The wolf spider is heavily wounded.
An orb spider comes into view.
The jumping spider leaps!
The wolf spider hits you but does no damage.
The wolf spider bites you but does no damage.
You throw a javelin. The orb spider hisses angrily.
The javelin pierces through the wolf spider!!
You kill the wolf spider!
Okawaru accepts your kill.
The javelin pierces through the orb spider!
The orb spider is lightly wounded.
You hear an angry hiss.
The orb spider begins to weave its threads into a brightly glowing ball.
The orb spider weaves a glowing orb of energy.
An orb of destruction comes into view.
The jumping spider leaps! x2
You slice the wolf spider!!
The wolf spider is moderately wounded.
The wolf spider barely misses you.
The wolf spider bites you but does no damage.
The jumping spider pounces on you but does no damage.
The jumping spider barely misses you.
The wolf spider hits you but does no damage.
The wolf spider closely misses you.
You slice the jumping spider!!
You kill the jumping spider!
Okawaru accepts your kill.
The wolf spider hits you but does no damage.
The wolf spider bites you but does no damage.
You slice the wolf spider!!
The wolf spider is almost dead.
You hear an angry hiss.
The wolf spider hits you but does no damage.
The wolf spider bites you but does no damage.
You barely miss the wolf spider.
The wolf spider is severely wounded.
The redback bites you but does no damage.
The wolf spider hits you but does no damage.
The wolf spider bites you.
You slash the wolf spider!
You kill the wolf spider!
Okawaru accepts your kill. Something appears at your feet!
Okawaru grants you ammunition! The redback bites you!
You are poisoned.
The redback poisons you!
You slash the redback!
The redback is severely wounded.
You feel very sick.
The redback bites you but does no damage.
You carve the redback like a ham!!!
You kill the redback!
Okawaru accepts your kill.
You feel very sick.
You feel very sick.
The orb spider pulsates with a strange energy.
The jumping spider leaps!
The orb spider weaves a glowing orb of energy.
An orb of destruction comes into view.
You hit the jumping spider.
The jumping spider is almost dead.
You feel very sick. The jumping spider pounces on you.
You are caught in a web!
The jumping spider bites you but does no damage.
The wavering orb of destruction hits you!!
* * * LOW HITPOINT WARNING * * *
The jumping spider pounces on you but does no damage.
The jumping spider bites you but does no damage.
You hear a shout!
You are too injured to fight recklessly!
You are too injured to fight recklessly!
You are too injured to fight recklessly!
You cannot attack while caught in a web.
The web tears apart.
You feel very sick.
The jumping spider leaps!
The orb spider spins a strand of pure energy.
The jumping spider pounces on you.
* * * LOW HITPOINT WARNING * * *
The jumping spider bites you but does no damage.
You feel sick.
The jumping spider leaps!
You see here 2 javelins {god gift}.
Throw: 21 javelins
Press: ? - help, Q - select action, (/) - cycle Shift-Dir - straight line, f - orb spider
Aim: an orb spider (almost dead, fully charged, 70% to hit)
You throw a javelin.
The javelin pierces through the orb spider!!!
You kill the orb spider!
Okawaru accepts your kill.
You feel sick.
The orb spider weaves a glowing orb of energy.
An orb of destruction comes into view.
Throw: 20 javelins
Press: ? - help, Q - select action, (/) - cycle Shift-Dir - straight line, f - jumping spider
Aim: a jumping spider (66% to hit)
Okay, then.
You feel sick.
The wavering orb of destruction hits you but does no damage.
The jumping spider leaps!
Throw: 20 javelins
Press: ? - help, Q - select action, (/) - cycle Shift-Dir - straight line, f - orb spider
Aim: an orb spider (lightly wounded, 71% to hit)
You throw a javelin.
The javelin pierces through the orb spider!
The orb spider is moderately wounded.
You feel sick.
The jumping spider leaps!
The jumping spider pounces on you but does no damage.
The jumping spider bites you but does no damage.
Throw: 19 javelins
Press: ? - help, Q - select action, (/) - cycle Shift-Dir - straight line, f/p - orb spider
Aim: an orb spider (moderately wounded, 71% to hit)
You throw a javelin.
The javelin pierces through the orb spider!!
The orb spider is almost dead.
You feel sick.
The jumping spider completely misses you.
The jumping spider bites you but does no damage.
Throw: 18 javelins
Press: ? - help, Q - select action, (/) - cycle Shift-Dir - straight line, f/p - orb spider
Aim: an orb spider (almost dead, 71% to hit)
You throw a javelin.
The javelin pierces through the orb spider!!
You kill the orb spider!
Okawaru accepts your kill.
You feel sick.
The jumping spider pounces on you but does no damage.
The jumping spider bites you but does no damage.
The jumping spider pounces on you but does no damage.
The jumping spider bites you.
* * * LOW HITPOINT WARNING * * *
You slash the jumping spider!
You kill the jumping spider!
Okawaru accepts your kill.
You feel sick.
The jumping spider pounces on you but does no damage.
The jumping spider completely misses you.
The jumping spider pounces on you but does no damage.
The jumping spider bites you but does no damage.
You closely miss the jumping spider.
You feel sick.
The jumping spider completely misses you.
The jumping spider bites you but does no damage.
You chop the jumping spider into pieces!!!
You kill the jumping spider!
Okawaru accepts your kill.
You feel sick.
You feel sick.
You see here 2 javelins {god gift}.
You feel sick.
You feel sick.
The orb spider begins to weave its threads into a brightly glowing ball.
Throw: 17 javelins
Press: ? - help, Q - select action, (/) - cycle Shift-Dir - straight line, f - orb spider
Aim: an orb spider (fully charged, 71% to hit)
You throw a javelin.
The javelin barely misses the orb spider.
You feel sick.
Throw: 16 javelins
Press: ? - help, Q - select action, (/) - cycle Shift-Dir - straight line, f/p - orb spider
Aim: an orb spider (fully charged, 69% to hit)
You throw a javelin.
The javelin pierces through the orb spider but does no damage.
You feel sick.
Throw: 15 javelins
Press: ? - help, Q - select action, (/) - cycle Shift-Dir - straight line, f/p - orb spider
Aim: an orb spider (fully charged, 71% to hit)
You throw a javelin.
The javelin barely misses the orb spider.
You feel sick.
Throw: 14 javelins
Press: ? - help, Q - select action, (/) - cycle Shift-Dir - straight line, f/p - orb spider
Aim: an orb spider (fully charged, 70% to hit)
You throw a javelin.
The javelin barely misses the orb spider.
You feel sick.
Reach: k) +3 bardiche (vorpal)
Press: ? - help, Dir - move target, f - you, p - orb spider That would be overly suicidal.
Okay, then.
You feel sick.
You see here 2 javelins {god gift}.
You feel sick.
You see here a wolf spider corpse.
You feel sick.
The orb spider weaves a glowing orb of energy.
An orb of destruction comes into view.
You feel sick.
The wavering orb of destruction hits you!!
* * * LOW HITPOINT WARNING * * *
Reach: k) +3 bardiche (vorpal)
Press: ? - help, Dir - move target, f - you
Okay, then.
You start resting.
An orb spider is nearby!
Reach: k) +3 bardiche (vorpal)
Press: ? - help, Dir - move target, f - orb spider
Aim: an orb spider (about 31% to evade your +3 vorpal bardiche)
You reach to attack!
You cut the orb spider into ribbons!!!
You kill the orb spider!
Okawaru accepts your kill.
You feel sick.
You start resting.
You feel sick. x8
You are no longer poisoned.
You start resting.
An entropy weaver comes into view.
You start resting.
HP restored.
Okay, then.
Search for what [Enter for "rp", or ? for help]? rco Can't find anything matching that.
You see here 2 potions of attraction.
You see here a jumping spider corpse.
c - 15 javelins (gained 2)
You see here a wolf spider corpse.
c - 16 javelins (gained 1)
c - 19 javelins (gained 3)
c - 20 javelins (gained 1)
c - 22 javelins (gained 2)
c - 23 javelins (gained 1)
A redback comes into view.
There are monsters nearby!
There are monsters nearby!
The entropy weaver shouts!
Throw: 23 javelins
Press: ? - help, Q - select action, (/) - cycle Shift-Dir - straight line, f - entropy weaver
Aim: an entropy weaver (64% to hit)
You throw a javelin.
The javelin closely misses the entropy weaver.
A jumping spider comes into view.
Throw: 22 javelins
Press: ? - help, Q - select action, (/) - cycle Shift-Dir - straight line, f/p - entropy weaver
Aim: an entropy weaver (63% to hit)
You throw a javelin.
The javelin barely misses the entropy weaver.
The jumping spider hisses angrily.
Throw: 21 javelins
Press: ? - help, Q - select action, (/) - cycle Shift-Dir - straight line, f/p - entropy weaver
Aim: an entropy weaver (64% to hit)
You throw a javelin.
The javelin closely misses the entropy weaver.
A jumping spider comes into view.
Throw: 20 javelins
Press: ? - help, Q - select action, (/) - cycle Shift-Dir - straight line, f/p - entropy weaver
Aim: an entropy weaver (63% to hit)
You throw a javelin. The jumping spider hisses angrily.
The javelin pierces through the entropy weaver!
The entropy weaver is moderately wounded.
The javelin completely misses the jumping spider.
The entropy weaver casts a spell at you.
The entropic weave corrodes you!
Throw: 19 javelins
Press: ? - help, Q - select action, (/) - cycle Shift-Dir - straight line, f/p - entropy weaver
Aim: an entropy weaver (moderately wounded, 64% to hit)
You throw a javelin.
The javelin closely misses the entropy weaver.
Throw: 18 javelins
Press: ? - help, Q - select action, (/) - cycle Shift-Dir - straight line, f/p - entropy weaver
Aim: an entropy weaver (moderately wounded, 63% to hit)
You throw a javelin.
The javelin pierces through the entropy weaver!
The entropy weaver is heavily wounded.
The jumping spider leaps!
Reach: k) +3 bardiche (vorpal)
Press: ? - help, Dir - move target, f/p - entropy weaver
Aim: an entropy weaver (heavily wounded, about 42% to evade your +3 vorpal bardiche)
You barely miss the entropy weaver.
The entropy weaver is heavily wounded.
The jumping spider leaps! x2; The entropy weaver hits you.
The entropy weaver hits you but does no damage.
The entropy weaver closely misses you. The entropy weaver hits you.
Unknown command.
Reach: k) +3 bardiche (vorpal)
Press: ? - help, Dir - move target, f/p - entropy weaver
Aim: an entropy weaver (heavily wounded, about 38% to evade your +3 vorpal bardiche)
You slice the entropy weaver!!
The entropy weaver is severely wounded.
The entropy weaver casts a spell at you.
The entropic weave corrodes you!
Reach: k) +3 bardiche (vorpal)
Press: ? - help, Dir - move target, f/p - entropy weaver
Aim: an entropy weaver (severely wounded, about 38% to evade your +3 vorpal bardiche)
You closely miss the entropy weaver.
The entropy weaver is severely wounded.
The entropy weaver hits you but does no damage. x3
The entropy weaver closely misses you.
Reach: k) +3 bardiche (vorpal)
Press: ? - help, Dir - move target, f/p - entropy weaver
Aim: an entropy weaver (severely wounded, about 39% to evade your +3 vorpal bardiche)
You slice the entropy weaver!!
You kill the entropy weaver!
Okawaru accepts your kill.
The jumping spider completely misses you.
The jumping spider bites you but does no damage.
The redback bites you but does no damage.
The jumping spider pounces on you.
You are caught in a web!
The jumping spider barely misses you.
The jumping spider completely misses you.
The jumping spider bites you but does no damage.
The web tears apart.
The redback bites you. The jumping spider pounces on you.
The jumping spider bites you but does no damage.
The jumping spider completely misses you.
The jumping spider bites you but does no damage.
Reach: k) +3 bardiche (vorpal)
Press: ? - help, Dir - move target, f - redback
Aim: a redback (about 39% to evade your +3 vorpal bardiche)
You slice the redback!!
The redback is severely wounded.
The redback bites you but does no damage.
The jumping spider pounces on you but does no damage.
The jumping spider barely misses you. The jumping spider pounces on you.
The jumping spider bites you but does no damage.
The redback bites you!
The jumping spider pounces on you but does no damage.
The jumping spider bites you.
The jumping spider pounces on you but does no damage.
The jumping spider bites you but does no damage.
Reach: k) +3 bardiche (vorpal)
Press: ? - help, Dir - move target, f/p - redback
Aim: a redback (severely wounded, about 36% to evade your +3 vorpal bardiche)
You slice the redback!!
You kill the redback!
Okawaru accepts your kill.
The jumping spider leaps! x2
Reach: k) +3 bardiche (vorpal)
Press: ? - help, Dir - move target, f - you That would be overly suicidal.
Okay, then.
Unknown command.
The jumping spider leaps!
Reach: k) +3 bardiche (vorpal)
Press: ? - help, Dir - move target, f - jumping spider
Aim: a jumping spider (about 38% to evade your +3 vorpal bardiche)
You reach to attack!
You slice the jumping spider!!
The jumping spider is severely wounded.
The jumping spider leaps!
Reach: k) +3 bardiche (vorpal)
Press: ? - help, Dir - move target, f/p - jumping spider
Aim: a jumping spider (severely wounded, about 38% to evade your +3 vorpal bardiche)
You slice the jumping spider!!
You kill the jumping spider!
Okawaru accepts your kill.
The jumping spider leaps!
Reach: k) +3 bardiche (vorpal)
Press: ? - help, Dir - move target, f - you That would be overly suicidal.
Okay, then.
Unknown command.
A jumping spider is nearby!
Reach: k) +3 bardiche (vorpal)
Press: ? - help, Dir - move target, f - you That would be overly suicidal.
Okay, then.
The jumping spider leaps!
Reach: k) +3 bardiche (vorpal)
Press: ? - help, Dir - move target, f - you That would be overly suicidal.
Okay, then.
A jumping spider is nearby!
Reach: k) +3 bardiche (vorpal)
Press: ? - help, Dir - move target, f - jumping spider
Aim: a jumping spider (about 37% to evade your +3 vorpal bardiche)
You slash the jumping spider!
The jumping spider is severely wounded.
The jumping spider barely misses you. The jumping spider bites you.
Reach: k) +3 bardiche (vorpal)
Press: ? - help, Dir - move target, f/p - jumping spider
Aim: a jumping spider (severely wounded, about 38% to evade your +3 vorpal bardiche)
You barely miss the jumping spider.
The jumping spider is severely wounded.
The jumping spider completely misses you.
The jumping spider bites you. The jumping spider barely misses you.
The jumping spider bites you.
Reach: k) +3 bardiche (vorpal)
Press: ? - help, Dir - move target, f/p - jumping spider
Aim: a jumping spider (severely wounded, about 38% to evade your +3 vorpal bardiche)
You slice the jumping spider!!
You kill the jumping spider!
Okawaru accepts your kill.
You are no longer corroded.
Found 7 boomerangs.
c - 18 javelins (gained 1)
c - 19 javelins (gained 1)
c - 22 javelins (gained 3)
c - 23 javelins (gained 1)
c - 27 javelins (gained 4)
c - 33 javelins (gained 6)
c - 38 javelins (gained 5)
c - 39 javelins (gained 1)
Found 8 silver boomerangs.
You see here 8 silver boomerangs.
You now have 1849 gold pieces (gained 23).
A wolf spider comes into view.
The wolf spider hisses angrily.
A wolf spider is nearby!
You closely miss the wolf spider.
The wolf spider hits you but does no damage.
The wolf spider bites you but does no damage.
The wolf spider hits you but does no damage.
The wolf spider bites you but does no damage.
You slash the wolf spider!
The wolf spider is moderately wounded.
The wolf spider hits you.
The wolf spider bites you but does no damage.
You slice the wolf spider!!
The wolf spider is almost dead.
The wolf spider hits you. The wolf spider completely misses you.
The wolf spider barely misses you.
The wolf spider bites you but does no damage.
You barely miss the wolf spider.
The wolf spider is almost dead.
The wolf spider hits you but does no damage.
The wolf spider barely misses you.
You slash the wolf spider!
You kill the wolf spider!
Okawaru accepts your kill.
Done exploring.
Done exploring.
Done exploring.
Done exploring.
(D) Dungeon (T) Temple (L) Lair (A) Shoals (N) Spider Nest (M) Slime Pits (O) Orcish Mines (E) Elven Halls (V) Vaults (U) Depths
Where to? (Enter - Spider:1, ? - help)
You see here a wolf spider corpse.
There is a stone staircase leading down here.
You climb downwards. 2 jumping spiders and 4 redbacks come into view.
The jumping spider hisses angrily. x2
Found 14 poisoned darts and a runed broad axe.
There is a stone staircase leading up here.
You reach to attack!
You barely miss the redback.
The jumping spider leaps!
You chop the redback into pieces!!!
You kill the redback!
Okawaru accepts your kill.
The jumping spider leaps!
Your Fighting skill increases to level 14!
You hit the jumping spider but do no damage.
Agnes the Wanderer comes into view.
She is wielding a +1 spectral lajatang.
The jumping spider pounces on you but does no damage.
The jumping spider bites you but does no damage.
The jumping spider barely misses you.
The jumping spider bites you but does no damage.
The redback bites you but does no damage.
The jumping spider leaps!
You barely miss the redback.
Agnes shouts!
The jumping spider pounces on you but does no damage.
The jumping spider barely misses you.
The redback bites you but does no damage.
The jumping spider leaps!
You slash the redback!
The redback is moderately wounded.
The jumping spider pounces on you but does no damage.
The jumping spider bites you but does no damage.
The redback bites you but does no damage. x3
The jumping spider pounces on you but does no damage.
The jumping spider bites you but does no damage.
The redback bites you but does no damage. x2
The redback barely misses you.
The jumping spider pounces on you but does no damage.
The jumping spider bites you.
The jumping spider leaps!
The redback bites you but does no damage. x2
The jumping spider pounces on you but does no damage.
The jumping spider barely misses you. The redback bites you.
Agnes hits you with a +1 spectral lajatang!
You climb upwards.
There is a stone staircase leading down here.
You completely miss the redback.
The redback is moderately wounded.
The redback bites you but does no damage. x2
The jumping spider barely misses you. The jumping spider bites you.
The redback bites you but does no damage.
You slice the redback!!
You kill the redback!
Okawaru accepts your kill.
The redback bites you but does no damage.
The redback bites you! The jumping spider pounces on you.
The jumping spider barely misses you.
The redback bites you but does no damage. x2
The jumping spider pounces on you but does no damage.
The jumping spider bites you but does no damage.
You slice the jumping spider!!
The jumping spider is severely wounded.
The redback bites you but does no damage.
The jumping spider pounces on you but does no damage.
The jumping spider barely misses you.
The redback bites you but does no damage.
You hit the jumping spider.
The jumping spider is almost dead.
The redback closely misses you.
The jumping spider leaps!
The redback bites you. x2; The jumping spider leaps!
The redback bites you but does no damage.
You closely miss the redback. The redback bites you. The redback bites you!
You are poisoned.
The redback poisons you!
You slice the redback!!
The redback is almost dead.
You feel very sick.
The jumping spider leaps!
The redback bites you but does no damage.
The redback bites you.
The jumping spider leaps!
The redback closely misses you.
You are too injured to fight recklessly!
You are too injured to fight recklessly!
You are too injured to fight recklessly!
You are too injured to fight recklessly!
You are too injured to fight recklessly!
You are too injured to fight recklessly!
You are too injured to fight recklessly!
You are too injured to fight recklessly!
You are too injured to fight recklessly!
You are too injured to fight recklessly!
You are too injured to fight recklessly!
You are too injured to fight recklessly!
You are too injured to fight recklessly!
You are too injured to fight recklessly!
You are too injured to fight recklessly!
You are too injured to fight recklessly!
You are too injured to fight recklessly!
Reach: k) +3 bardiche (vorpal)
Press: ? - help, Dir - move target, f - redback
Aim: a redback (about 36% to evade your +3 vorpal bardiche)
You slice the redback like a ripe choko!!!
You kill the redback!
Okawaru accepts your kill.
You feel sick. The redback barely misses you.
Reach: k) +3 bardiche (vorpal)
Press: ? - help, Dir - move target, f - redback
Aim: a redback (almost dead, about 36% to evade your +3 vorpal bardiche)
You slash the redback!
You kill the redback!
Okawaru accepts your kill.
You feel sick.
You start resting.
You feel sick.
A jumping spider is nearby!
A jumping spider is nearby!
You feel sick.
The jumping spider leaps!
Reach: k) +3 bardiche (vorpal)
Press: ? - help, Dir - move target, f - you That would be overly suicidal.
Okay, then.
You feel sick.
The jumping spider leaps!
You feel sick.
The jumping spider leaps!
You feel sick.
You feel sick.
Reach: k) +3 bardiche (vorpal)
Press: ? - help, Dir - move target, f - jumping spider
Aim: a jumping spider (severely wounded, about 37% to evade your +3 vorpal bardiche)
You closely miss the jumping spider.
The jumping spider is severely wounded.
You feel sick. The jumping spider pounces on you!
The jumping spider bites you but does no damage.
Reach: k) +3 bardiche (vorpal)
Press: ? - help, Dir - move target, f/p - jumping spider
Aim: a jumping spider (severely wounded, about 37% to evade your +3 vorpal bardiche)
You slice the jumping spider!!
You kill the jumping spider!
Okawaru accepts your kill.
You feel sick.
You feel sick.
You feel sick.
You feel sick.
You start resting.
You feel sick. x14
You are no longer poisoned.
You start resting.
HP restored.
There is a stone staircase leading down here.
You climb downwards.
Level annotation: Agnes A wolf spider and 2 jumping spiders come into view.
The wolf spider hisses angrily.
The jumping spider hisses angrily. x2
You hear a hideous shriek!
The jumping spider leaps! x2; The jumping spider moves out of view. x2
Found 14 stones.
Found an escape hatch in the floor.
There is a stone staircase leading up here.
Unknown command.
A demonic crawler comes into view.
Reach: k) +3 bardiche (vorpal)
Press: ? - help, Dir - move target, f - wolf spider
Aim: a wolf spider (about 30% to evade your +3 vorpal bardiche)
You reach to attack!
You slice the wolf spider!!
The wolf spider is heavily wounded.
You hear a hideous shriek!
A demonic crawler comes into view.
The wolf spider hits you but does no damage.
The wolf spider barely misses you.
Reach: k) +3 bardiche (vorpal)
Press: ? - help, Dir - move target, f/p - wolf spider
Aim: a wolf spider (heavily wounded, about 31% to evade your +3 vorpal bardiche)
The demonic crawler gives a hideous shriek!
You slash the wolf spider!
The wolf spider is almost dead.
The wolf spider hits you! The wolf spider barely misses you.
The jumping spider leaps!
Reach: k) +3 bardiche (vorpal)
Press: ? - help, Dir - move target, f/p - wolf spider
Aim: a wolf spider (almost dead, about 32% to evade your +3 vorpal bardiche)
You slice the wolf spider!!
You kill the wolf spider!
Okawaru accepts your kill.
The jumping spider leaps! x3
Reach: k) +3 bardiche (vorpal)
Press: ? - help, Dir - move target, f - demonic crawler
Aim: a demonic crawler (about 19% to evade your +3 vorpal bardiche)
You hit the demonic crawler but do no damage.
The demonic crawler hits you but does no damage. x3
Reach: k) +3 bardiche (vorpal)
Press: ? - help, Dir - move target, f/p - demonic crawler
Aim: a demonic crawler (about 20% to evade your +3 vorpal bardiche)
You slice the demonic crawler!!
The demonic crawler is heavily wounded.
The demonic crawler hits you but does no damage.
The demonic crawler closely misses you.
The demonic crawler completely misses you.
Reach: k) +3 bardiche (vorpal)
Press: ? - help, Dir - move target, f/p - demonic crawler
Aim: a demonic crawler (moderately wounded, about 19% to evade your +3 vorpal bardiche)
You hit the demonic crawler.
The demonic crawler is heavily wounded.
The demonic crawler barely misses you.
The demonic crawler hits you but does no damage. x2
The jumping spider pounces on you but does no damage.
The jumping spider bites you but does no damage.
Reach: k) +3 bardiche (vorpal)
Press: ? - help, Dir - move target, f/p - demonic crawler
Aim: a demonic crawler (heavily wounded, about 19% to evade your +3 vorpal bardiche)
You slash the demonic crawler!
The demonic crawler is severely wounded.
The demonic crawler hits you but does no damage. x2
The demonic crawler closely misses you. The jumping spider pounces on you.
The jumping spider bites you but does no damage.
Reach: k) +3 bardiche (vorpal)
Press: ? - help, Dir - move target, f/p - demonic crawler
Aim: a demonic crawler (severely wounded, about 19% to evade your +3 vorpal bardiche)
You slice the demonic crawler!!
You kill the demonic crawler!
Okawaru accepts your kill.
You hear a shout!
The jumping spider misses you.
The jumping spider bites you but does no damage.
The jumping spider pounces on you but does no damage.
The jumping spider bites you but does no damage.
Reach: k) +3 bardiche (vorpal)
Press: ? - help, Dir - move target, f - jumping spider
Aim: a jumping spider (about 35% to evade your +3 vorpal bardiche)
You slice the jumping spider!!
You kill the jumping spider!
Okawaru accepts your kill.
The jumping spider leaps!
Your Polearms skill increases to level 21!
Reach: k) +3 bardiche (vorpal)
Press: ? - help, Dir - move target, f - demonic crawler
Aim: a demonic crawler (about 19% to evade your +3 vorpal bardiche)
You slash the demonic crawler!
The demonic crawler is lightly wounded.
The demonic crawler hits you but does no damage. x3
Reach: k) +3 bardiche (vorpal)
Press: ? - help, Dir - move target, f/p - demonic crawler
Aim: a demonic crawler (lightly wounded, about 19% to evade your +3 vorpal bardiche)
You slash the demonic crawler!
The demonic crawler is moderately wounded.
The demonic crawler hits you but does no damage. x2
The demonic crawler closely misses you.
The jumping spider leaps!
Unknown command.
Reach: k) +3 bardiche (vorpal)
Press: ? - help, Dir - move target, f/p - demonic crawler
Aim: a demonic crawler (moderately wounded, about 20% to evade your +3 vorpal bardiche)
You barely miss the demonic crawler.
The demonic crawler is moderately wounded.
The demonic crawler hits you but does no damage. x2
The demonic crawler hits you.
The demonic crawler hits you but does no damage.
The demonic crawler hits you.
The demonic crawler hits you but does no damage.
Reach: k) +3 bardiche (vorpal)
Press: ? - help, Dir - move target, f/p - demonic crawler
Aim: a demonic crawler (moderately wounded, about 19% to evade your +3 vorpal bardiche)
You hit the demonic crawler.
The demonic crawler is heavily wounded.
Donald the Adventurer comes into view.
He is wielding a +2 eveningstar of holy wrath and wearing the +18 shield of the Gong {rElec rN+ Will+ EV-5}.
The demonic crawler hits you but does no damage.
The demonic crawler hits you! The demonic crawler hits you.
Reach: k) +3 bardiche (vorpal)
Press: ? - help, Dir - move target, f/p - demonic crawler
Aim: a demonic crawler (heavily wounded, about 20% to evade your +3 vorpal bardiche)
You carve the demonic crawler like a ham!!!
You kill the demonic crawler!
Okawaru accepts your kill.
You hear an angry hiss.
The jumping spider pounces on you.
The jumping spider bites you but does no damage.
The jumping spider pounces on you but does no damage.
The jumping spider bites you but does no damage.
Donald mumbles some strange words.
Donald seems to speed up.
You climb upwards.
There is a stone staircase leading down here.
Reach: k) +3 bardiche (vorpal)
Press: ? - help, Dir - move target, f - jumping spider
Aim: a jumping spider (about 35% to evade your +3 vorpal bardiche)
You hit the jumping spider.
The jumping spider is moderately wounded.
The jumping spider pounces on you but does no damage.
The jumping spider bites you but does no damage.
Donald mumbles some strange words.
Donald seems to grow stronger.
The jumping spider leaps!
Reach: k) +3 bardiche (vorpal)
Press: ? - help, Dir - move target, f/p - jumping spider
Aim: a jumping spider (moderately wounded, about 35% to evade your +3 vorpal bardiche)
You slice the jumping spider!!
You kill the jumping spider!
Okawaru accepts your kill.
Donald hits you with a +2 eveningstar of holy wrath!! x2
Okay, then.
As you read the scroll of teleportation, it crumbles to dust.
You feel strangely unstable.
Donald hits you with a +2 eveningstar of holy wrath!
* * * LOW HITPOINT WARNING * * *
The killer bee buzzes angrily.
You hear an angry buzzing noise. x2
Donald asks, "How many innocent creatures did you kill for those shoes?"
Donald closely misses you.
The queen bee buzzes angrily.
You hear an angry buzzing noise. x3
Your surroundings seem slightly different.
Press: ? - help, v - describe, . - travel
Here: Donald, wielding a +2 eveningstar of holy wrath, wearing a +0 plate armour and wearing the +18 shield of the Gong {rElec rN+ Will+ EV-5} (fast, strong)
The floor.
Unknown command.
As you read the scroll of teleportation, it crumbles to dust.
You feel strangely unstable.
Donald says, "Maybe I'll visit Hell next."
Donald hits you with a +2 eveningstar of holy wrath!!
* * * LOW HITPOINT WARNING * * *
Okay, then.
Okay, then.
Unknown command.
Okay, then.
You feel much better.
Donald hits you with a +2 eveningstar of holy wrath!
* * * LOW HITPOINT WARNING * * *
Donald hits you with a +2 eveningstar of holy wrath!!
* * * LOW HITPOINT WARNING * * *
Donald hits you with a +2 eveningstar of holy wrath!!
You die...

###....................#
#####
###..................#
###[#.###
##...........#.....#
#.......#
###........####...#
.#.....##
##....#...###...)
.......##
#...>......#^....
...#....#
##.......^^.......
......!.###
#.@......^........
..........#
####@.....#....######
..........#
#.......###...### #
^.........# #.......#
##..##yy
#.........###.......#
#..#


#wwy ##......^###........####..# ww## ##.......#........##.##..# y##
##.....#.............^..## ## #...................#....######
######.....†......####.......... You could see Donald (fast, strong).

Vanquished Creatures
  Gastronok (D:8)
  An entropy weaver (Spider:1)
  A fire dragon (D:15)
  12 hydras
  Erica (Lair:2)
  5 catoblepae
  An ogre mage (D:15)
  Harold (Orc:1)
  An ice dragon (D:15)
  3 boulder beetles
  A deep troll shaman (Lair:6)
  6 centaur warriors
  11 death yaks
  8 two-headed ogres
  3 orc high priests
  Urug (Lair:6)
  4 skeletal warriors
  2 unseen horrors
  A necromancer (Lair:6)
  A wizard (D:15)
  9 cane toads
  A lindwurm (Lair:6)
  A deep elf pyromancer (D:12)
  7 orc knights
  4 orb spiders (Spider:1)
  7 wolf spiders
  10 ugly things
  6 orc sorcerers
  4 cyclopes
  7 manticores
  5 black mambas
  2 ice statues (IceCv)
  12 elephants
  2 gargoyles
  3 rime drakes
  4 yaktaurs (D:13)
  A freezing wraith (D:15)
  15 komodo dragons
  Psyche (D:12)
  5 demonic crawlers
  12 jumping spiders
  A merfolk (Lair:3)
  2 polar bears
  3 meliai (D:15)
  8 trolls
  13 slime creatures
  28 blink frogs
  Grinder (D:3)
  11 dream sheep
  6 wyverns
  A shadow (D:14)
  Sigmund (D:3)
  22 redbacks
  A fire bat (shapeshifter) (D:13)
  25 yaks
  3 tarantellas
  A steam dragon (D:10)
  2 wraiths (D:12)
  2 vampire mosquitoes (D:12)
  9 basilisks
  2 wargs (Orc:2)
  An acid dragon (D:11)
  10 water moccasins
  A soldier ant (D:13)
  Duvessa (D:7)
  A hornet zombie (D:11)
  12 ice beasts
  A swamp drake (D:10)
  22 orc warriors
  5 black bears
  3 sky beasts
  2 necrophages
  26 wolves
  13 ogres
  15 centaurs
  4 kobold brigands
  7 phantoms
  21 bullfrogs
  2 wyvern zombies
  Dowan (D:7)
  2 wyvern skeletons
  4 scorpions
  8 killer bees (D:8)
  19 wights
  An electric eel (Lair:3)
  3 howler monkeys
  3 centaur zombies
  4 bullfrog zombies
  9 hounds
  8 jellies
  5 quasits
  5 bullfrog skeletons
  7 centaur skeletons
  25 orc priests
  Jessica (D:3)
  11 worker ants
  Natasha (twice) (D:3)
  4 iguanas
  32 orc wizards
  2 polar bear simulacra (Lair:6)
  3 yak simulacra (Lair:6)
  A killer bee zombie (D:6)
  3 wolf simulacra (Lair:6)
  A hound zombie (D:7)
  A hound skeleton (D:5)
  A worker ant zombie (D:8)
  5 gnolls
  17 adders
  2 shadow imps
  14 white imps
  2 adder zombies
  An adder skeleton (D:8)
  2 worms (D:5)
  4 dart slugs
  93 orcs
  7 ball pythons
  12 bats
  7 giant cockroaches
  11 goblins
  16 hobgoblins
  14 jackals
  8 oozes
  14 quokkas
  10 frilled lizards
  A jackal zombie (D:7)
  32 kobolds
  2 quokka skeletons
  4 rats
  3 river rat simulacra (Lair:6)
919 creatures vanquished.

Vanquished Creatures (collateral kills)
  2 orb spiders (Spider:1)
  A wolf spider (Spider:1)
  A cane toad (Lair:1)
4 creatures vanquished.

Vanquished Creatures (others)
  2 trolls (D:12)
  A basilisk (D:12)
  A vampire mosquito (D:12)
  An orc warrior (D:10)
  2 orc priests
  A worker ant (D:12)
  An orc wizard (D:10)
  An orc (D:12)
  30 fungi
  39 plants
79 creatures vanquished.

Grand Total: 1002 creatures vanquished

Notes
Turn   | Place    | Note
-------+----------+-------------------------------------------
     0 | D:1      | sleeves the Merfolk Arcane Marksman began the quest for the
                  | Orb.
     0 | D:1      | Reached XP level 1. HP: 15/15 MP: 2/2
    89 | D:1      | HP: 6/15 [quokka (3)]
    95 | D:1      | Reached skill level 3 in Dodging
   303 | D:1      | Reached XP level 2. HP: 19/21 MP: 3/3
  1035 | D:1      | HP: 8/21 [kobold/+0 short sword (3)]
  1087 | D:1      | HP: 8/21 [hobgoblin (4)]
  1364 | D:1      | Reached XP level 3. HP: 24/26 MP: 1/4
  1640 | D:1      | HP: 12/26 [ooze/Freeze (4)]
  1994 | D:1      | Reached skill level 3 in Throwing
  2102 | D:1      | Reached skill level 4 in Dodging
  2374 | D:2      | Reached skill level 1 in Polearms
  2572 | D:2      | HP: 13/26 [hobgoblin (6)]
  2970 | D:2      | Reached XP level 4. HP: 32/32 MP: 3/5
  3404 | D:2      | Reached skill level 2 in Polearms
  3756 | D:3      | Reached skill level 3 in Polearms
  3756 | D:3      | Reached skill level 5 in Dodging
  3756 | D:3      | Reached XP level 5. HP: 33/37 MP: 6/6
  3868 | D:3      | Reached skill level 4 in Polearms
  4007 | D:3      | Noticed Grinder
  4010 | D:3      | Paralysed by Grinder for 7 turns
  4011 | D:3      | Noticed Sigmund
  4208 | D:3      | Noticed Jessica
  4214 | D:3      | Killed Sigmund
  4215 | D:3      | Reached skill level 7 in Polearms
  4215 | D:3      | Reached XP level 6. HP: 31/43 MP: 7/7
  4227 | D:3      | Killed Jessica
  4586 | D:3      | Found an ancient bone altar of Kikubaaqudgha.
  4779 | D:3      | Killed Grinder
  4780 | D:3      | Reached skill level 9 in Polearms
  4780 | D:3      | Reached XP level 7. HP: 41/48 MP: 6/8
  5168 | D:4      | Found an opulent altar of Gozag.
  5172 | D:4      | Found a hide-covered altar of Uskayaw.
  5197 | D:4      | Found a staircase to the Ecumenical Temple.
  5240 | Temple   | Entered the Ecumenical Temple
  5406 | Temple   | Became a worshipper of Warmaster Okawaru
  6251 | D:4      | Reached skill level 10 in Polearms
  6688 | D:4      | Noticed Natasha
  6816 | D:3      | Killed Natasha
  6927 | D:4      | Reached skill level 2 in Fighting
  6927 | D:4      | Reached skill level 1 in Armour
  6927 | D:4      | Reached XP level 8. HP: 52/56 MP: 9/9
  7010 | D:3      | Noticed Natasha
  7017 | D:3      | Killed Natasha
  7096 | D:4      | Found a bloodstained altar of Trog.
  7284 | D:5      | Entered Level 5 of the Dungeon
  7395 | D:5      | Found a burning altar of Makhleb.
  7399 | D:5      | Found a glowing silver altar of Zin.
  7399 | D:5      | Noticed an angel
  7399 | D:5      | Noticed a cacodemon
  7494 | D:5      | Reached * piety under Okawaru
  7754 | D:5      | Found a glowing drain.
  7769 | Sewer    | Entered a sewer
  8052 | Sewer    | Reached skill level 6 in Dodging
  8320 | D:5      | HP: 28/57 [iguana (5)]
  8531 | D:5      | Reached skill level 3 in Fighting
  8932 | D:5      | Reached skill level 2 in Armour
  9470 | D:6      | Found a runed translucent door.
  9470 | D:6      | Noticed Zdeegee's ghost (novice OpVM)
  9668 | D:5      | Reached skill level 4 in Fighting
  9668 | D:5      | Reached skill level 11 in Polearms
  9705 | D:6      | Reached ** piety under Okawaru
  9706 | D:6      | Reached skill level 7 in Dodging
  9728 | D:5      | Reached XP level 9. HP: 52/65 MP: 10/10
  9825 | D:5      | HP: 31/65 [orc/+0 hand axe (5)]
 10112 | D:5      | HP: 32/66 [white imp (2)]
 10126 | D:5      | HP: 23/66 [something/puff of flame (7)]
 10160 | D:5      | HP: 26/66 [orc wizard/magic dart (4)]
 10172 | D:5      | HP: 24/66 [orc wizard/+0 dagger (5)]
 10486 | D:5      | Reached skill level 3 in Armour
 10841 | D:5      | Reached skill level 5 in Fighting
 11078 | D:6      | Found a broken altar of Ashenzari.
 11167 | D:6      | Reached skill level 8 in Dodging
 11922 | D:7      | Reached *** piety under Okawaru
 11980 | D:7      | Reached skill level 12 in Polearms
 12095 | D:7      | Noticed Duvessa
 12096 | D:7      | Noticed Dowan
 12133 | D:7      | Killed Duvessa
 12146 | D:7      | Killed Dowan
 12417 | D:7      | Found an ornate altar of the Wu Jian Council.
 12559 | D:7      | Reached skill level 4 in Armour
 12630 | D:7      | Reached skill level 4 in Throwing
 12826 | D:8      | Noticed Gastronok
 12884 | D:8      | Noticed a two-headed ogre
 13037 | D:8      | Reached XP level 10. HP: 74/74 MP: 11/11
 13047 | D:8      | Reached skill level 1 in Invocations
 13080 | D:8      | HP: 30/74 [orc wizard/magic dart (9)]
 13090 | D:8      | HP: 26/74 [something/puff of flame (3)]
 13116 | D:8      | HP: 16/74 [orc priest/divine providence (16)]
 13125 | D:8      | HP: 33/74 [orc/+0 dagger (1)]
 13131 | D:8      | HP: 12/74 [orc priest/+0 short sword (8)]
 13132 | D:8      | HP: 5/74 [orc/+0 falchion (8)]
 13133 | D:8      | Reached skill level 2 in Invocations
 13136 | D:8      | HP: 2/74 [orc/+0 falchion (4)]
 13605 | D:8      | Reached skill level 5 in Throwing
 13606 | D:8      | HP: 37/74 [poisoned by a killer bee]
 13611 | D:8      | HP: 35/74 [poisoned by a killer bee]
 13616 | D:8      | HP: 24/74 [killer bee (7)]
 13623 | D:8      | HP: 22/74 [poisoned by a killer bee]
 13630 | D:8      | HP: 22/74 [poisoned by a killer bee]
 13638 | D:8      | HP: 22/74 [poisoned by a killer bee]
 13972 | D:8      | Reached skill level 13 in Polearms
 14089 | D:8      | Reached skill level 3 in Invocations
 14096 | D:8      | Reached **** piety under Okawaru
 14146 | D:8      | Found a white marble altar of Elyvilon.
 14234 | D:8      | Received a gift from Okawaru
 14277 | D:8      | Found a staircase to the Lair.
 14527 | D:8      | HP: 31/74 [Gastronok/the air (20)]
 14529 | D:8      | Killed Gastronok
 14529 | D:8      | Reached ***** piety under Okawaru
 14530 | D:8      | Reached skill level 14 in Polearms
 14530 | D:8      | Reached skill level 6 in Throwing
 14530 | D:8      | Reached skill level 5 in Invocations
 14907 | D:8      | Reached XP level 11. HP: 80/80 MP: 15/15
 14952 | D:8      | Killed a two-headed ogre
 14952 | D:8      | Received a gift from Okawaru
 14953 | D:8      | Reached skill level 7 in Throwing
 14953 | D:8      | Reached skill level 6 in Invocations
 15410 | D:9      | Identified the +0 helmet "Toegh" {god gift, Harm rC+ Str+5}
                  | (Okawaru gifted it to you on level 9 of the Dungeon)
 15410 | D:9      | Received a gift from Okawaru
 15848 | D:9      | Noticed a two-headed ogre
 15861 | D:9      | Killed a two-headed ogre
 16095 | D:9      | Reached skill level 7 in Invocations
 16246 | D:9      | HP: 36/80 [gargoyle/+0 morningstar (18)]
 16250 | D:9      | Reached skill level 15 in Polearms
 16509 | D:9      | Reached skill level 8 in Throwing
 16928 | D:9      | Identified the +1 ring mail of the Pits of Slime {+Fly rF-
                  | rN+++ Str-2}
 16956 | D:9      | Identified the +6 mace "Feloippe" {elec, Int+4 Dex+8
                  | Stlth-}
 16965 | D:10     | Entered Level 10 of the Dungeon
 17123 | D:10     | Identified the +11 rapier "Voanwed" {pain, Will+ Int+4
                  | Dex-4}
 17205 | D:10     | Found a staircase to the Orcish Mines.
 17354 | D:10     | Killed an unseen horror
 17464 | D:10     | Reached skill level 8 in Invocations
 17471 | D:10     | Received a gift from Okawaru
 17477 | D:10     | Reached XP level 12. HP: 76/87 MP: 18/18
 17617 | D:10     | Reached skill level 6 in Fighting
 17866 | D:10     | Noticed a two-headed ogre
 17891 | D:10     | Killed a two-headed ogre
 17891 | D:10     | Received a gift from Okawaru
 18040 | D:10     | Found Voin's Book Boutique.
 18162 | D:11     | Reached skill level 9 in Throwing
 18181 | D:11     | Received a gift from Okawaru
 18257 | D:11     | HP: 39/89 [red ugly thing (14)]
 18384 | Lair:1   | Entered Level 1 of the Lair of Beasts
 18387 | Lair:1   | HP: 13/89 [komodo dragon (76)]
 18457 | Lair:1   | Noticed an eight-headed hydra
 18488 | Lair:1   | Reached skill level 16 in Polearms
 18494 | Lair:1   | Killed an eight-headed hydra
 18495 | Lair:1   | Reached skill level 5 in Armour
 18507 | Lair:1   | Reached skill level 7 in Fighting
 18517 | Lair:1   | Received a gift from Okawaru
 18594 | Lair:1   | Noticed a seven-headed hydra
 18620 | Lair:1   | Received a gift from Okawaru
 18898 | Lair:1   | Reached skill level 8 in Fighting
 18899 | Lair:1   | Killed a seven-headed hydra
 18900 | Lair:1   | Reached skill level 10 in Throwing
 18918 | Lair:1   | Reached skill level 6 in Armour
 19085 | Lair:1   | Noticed a five-headed hydra
 19096 | Lair:1   | Killed a five-headed hydra
 19097 | Lair:1   | Reached XP level 13. HP: 68/99 MP: 19/19
 19104 | Lair:1   | Identified the +7 war axe "Xienusyo" {vorpal, rC+}
 19317 | Lair:1   | HP: 42/99 [eight-headed hydra (9)]
 19379 | Lair:1   | Received a gift from Okawaru
 19675 | Lair:1   | Reached skill level 9 in Fighting
 20061 | Lair:2   | Found a hole to the Spider Nest.
 20083 | Lair:2   | Reached ****** piety under Okawaru
 20084 | Lair:2   | Reached skill level 17 in Polearms
 20582 | Lair:2   | Noticed Erica
 20895 | Lair:2   | Killed Erica
 21293 | Lair:3   | Found a staircase to the Shoals.
 21793 | Lair:3   | Reached skill level 11 in Throwing
 22559 | Lair:4   | Reached skill level 7 in Armour
 23054 | Lair:4   | Received a gift from Okawaru
 23055 | Lair:4   | Reached skill level 10 in Fighting
 23084 | Lair:4   | Received a gift from Okawaru
 23576 | Lair:5   | Found a staircase to the Slime Pits.
 23579 | Lair:5   | You fall into a shaft and drop 1 floor!
 23579 | Lair:6   | Entered Level 6 of the Lair of Beasts
 23654 | Lair:5   | Received a gift from Okawaru
 23655 | Lair:5   | Reached XP level 14. HP: 81/110 MP: 20/20
 23699 | Lair:5   | HP: 52/110 [boulder beetle (14)]
 23764 | Lair:5   | Received a gift from Okawaru
 23882 | Lair:5   | Reached skill level 18 in Polearms
 23889 | Lair:5   | Received a gift from Okawaru
 24006 | Lair:5   | Received a gift from Okawaru
 24068 | Lair:5   | Received a gift from Okawaru
 24330 | Lair:5   | Received a gift from Okawaru
 24635 | Lair:6   | Noticed Urug
 24646 | Lair:6   | Killed Urug
 24657 | Lair:6   | Received a gift from Okawaru
 24658 | Lair:6   | Reached skill level 11 in Fighting
 24658 | Lair:6   | Reached skill level 8 in Armour
 24703 | Lair:6   | Reached skill level 12 in Throwing
 24707 | Lair:6   | Received a gift from Okawaru
 25733 | Lair:6   | Received a gift from Okawaru
 25838 | Lair:6   | Identified the Guide on Curses and Poisoning
 25999 | Lair:6   | Identified the +5 crystal plate armour of Death Resistance
                  | {god gift, rElec rF+ Int-5} (Okawaru gifted it to you on
                  | level 6 of the Lair of Beasts)
 25999 | Lair:6   | Received a gift from Okawaru
 26000 | Lair:6   | Reached XP level 15. HP: 101/120 MP: 21/21
 26311 | Orc:1    | Entered Level 1 of the Orcish Mines
 26311 | Orc:1    | Noticed Harold
 26316 | Orc:1    | Killed Harold
 26415 | D:10     | Reached skill level 19 in Polearms
 26591 | Orc:2    | Entered Level 2 of the Orcish Mines
 27143 | Orc:2    | HP: 50/120 [orc priest/divine providence (14)]
 27492 | Orc:1    | Reached skill level 12 in Fighting
 27593 | Orc:2    | Found a staircase to the Elven Halls.
 27656 | Orc:2    | Reached skill level 9 in Armour
 27693 | Orc:2    | Found Nycwo's General Store.
 27693 | Orc:2    | Found Ofoixuha's Antique Weapon Shop.
 27695 | Orc:2    | Found Letae's Assorted Antiques.
 27695 | Orc:2    | Found Qan Vack's Assorted Antiques.
 27709 | Orc:2    | Bought a distressingly furry leather armour for 231 gold
                  | pieces
 27709 | Orc:2    | Identified the +3 leather armour of Ethics {rPois Int+4
                  | Dex+3} (You bought it in a shop on level 2 of the Orcish
                  | Mines)
 27709 | Orc:2    | Bought a scintillating silver ring for 165 gold pieces
 27709 | Orc:2    | Identified the ring "Xudeskin" {+Fly rF++ rN+++ Int-3
                  | Dex-3} (You bought it in a shop on level 2 of the Orcish
                  | Mines)
 27873 | Orc:2    | HP: 58/120 [orc warrior/+0 dire flail (22)]
 28293 | Orc:2    | Bought a runed cloak for 225 gold pieces
 29104 | D:12     | Reached skill level 13 in Throwing
 29108 | D:12     | Found a portal to a secret trove of treasure.
 29176 | D:12     | Found a shimmering altar of Xom.
 29364 | D:12     | Noticed Psyche
 29369 | D:12     | Killed Psyche
 30307 | D:13     | Found Nacaepp's General Store.
 30539 | D:13     | Received a gift from Okawaru
 30588 | D:13     | Found a transporter.
 30595 | D:13     | Found a transporter.
 30604 | D:13     | Found a frozen archway.
 30641 | D:13     | HP: 54/122 [very large slime creature (18)]
 30643 | D:13     | HP: 26/122 [very large slime creature (31)]
 30853 | IceCv    | Entered an ice cave
 30879 | IceCv    | Found a transporter.
 30901 | IceCv    | Found a transporter.
 31051 | D:13     | HP: 49/122 [yaktaur/bolt (16)]
 31084 | D:13     | HP: 55/122 [yaktaur (9)]
 31225 | D:13     | HP: 61/122 [orc knight/+0 great mace (16)]
 31383 | D:13     | Reached skill level 20 in Polearms
 31573 | D:13     | Found a gate to the Vaults.
 31817 | D:13     | Identified the +8 broad axe of Punishment {flame, rC+ rN+
                  | Int+2}
 32039 | D:13     | Reached XP level 16. HP: 129/129 MP: 22/22
 32267 | D:14     | Reached skill level 13 in Fighting
 32417 | D:14     | Received a gift from Okawaru
 32502 | D:14     | Found an opulent altar of Gozag.
 32872 | D:15     | Entered Level 15 of the Dungeon
 32894 | D:15     | Received a gift from Okawaru
 33157 | D:15     | Reached skill level 10 in Armour
 33209 | D:15     | Found a staircase to the Depths.
 33261 | D:15     | Identified the +2 robe "Vijeavent" {rPois rN+}
 33388 | D:15     | Found a stormy altar of Qazlal.
 33521 | D:15     | Reached skill level 14 in Throwing
 33976 | Spider:1 | Entered Level 1 of the Spider Nest
 34012 | Lair:2   | HP: 66/132 [redback (2)]
 34017 | Lair:2   | HP: 54/132 [redback (3)]
 34022 | Lair:2   | HP: 45/132 [redback (8)]
 34472 | Spider:1 | Received a gift from Okawaru
 34476 | Spider:1 | HP: 63/132 [disintegration (23)]
 34481 | Spider:1 | HP: 56/132 [poisoned by a redback]
 34486 | Spider:1 | HP: 50/132 [poisoned by a redback]
 34491 | Spider:1 | HP: 50/132 [poisoned by a redback]
 34496 | Spider:1 | HP: 52/132 [poisoned by a redback]
 34502 | Spider:1 | HP: 36/132 [poisoned by a redback]
 34509 | Spider:1 | HP: 42/132 [poisoned by a redback]
 34516 | Spider:1 | HP: 50/132 [poisoned by a redback]
 34524 | Spider:1 | HP: 58/132 [poisoned by a redback]
 34757 | Spider:2 | Reached skill level 14 in Fighting
 34757 | Spider:2 | Noticed Agnes
 34863 | Spider:2 | Reached skill level 21 in Polearms
 34866 | Spider:2 | Noticed Donald
 34872 | Spider:1 | HP: 59/133 [Donald/+2 eveningstar of holy wrath (12)]
 34877 | Spider:1 | HP: 32/133 [Donald/+2 eveningstar of holy wrath (33)]
 34879 | Spider:1 | Demolished by Donald

Illustrated notes

Levels and vault maps discovered:
D:1:      erik_arrival_orb_chamber, layout_loops_ring,
          minmay_misc_feat_nine_boxes
D:2:      cheibrodos_greedy_goblins, layout_basic, nrook_mini_vaults
D:3:      layout_loops_ring, lemuel_doored_altar, serial_bayou_lagoon_b,
          uniq_jessica, uniq_grinder, uniq_sigmund
D:4:      layout_loops_cross, nicolae_overflow_hidden_temple,
          minmay_temple_entry_grid, uniq_natasha
D:5:      layout_basic, grunt_temple_overflow_order_and_chaos_2,
          portal_sewer_entry_d
D:6:      cheibrodos_helix_gallery, layout_cave_pools,
          cheibrodos_ashenzari_chains, gammafunk_ghost_grave
D:7:      layout_basic, marbit_many_paths, uniq_duvessa
D:8:      layout_loops_ring, nicolae_overflow_crystal_walls, david_lair_generic,
          minivault_10, uniq_gastronok
D:9:      kennysheep_ambush_hall, layout_loops_ring
D:10:     layout_cave_pods, erik_orc_1, serial_shops, shop
D:11:     layout_roguey
D:12:     layout_basic, nicolae_trove_entry_isolated, xom_confusion_cloud,
          uniq_psyche
D:13:     gammafunk_the_bubble [the_bubble_gammafunk_crates], layout_basic,
          hangedman_vaults_entry_quadrant_bands, portal_ice_cave_entry_imps,
          serial_shops, nicolae_shop_statue_plus
D:14:     layout_rooms, basic_altar, kennysheep_generic_room_14
D:15:     grunt_enter_depths_hoard, layout_basic, hangedman_decor_push,
          grunt_qazlal_clouds
Temple:   dshaligram_water_room_temple
Lair:1:   layout_cave_pods, patterned_corridor, minmay_lair_oklob_chamber,
          grunt_megastairs_4
Lair:2:   layout_cave_pods, spider_nest_entry_rubble, guppyfry_lair_drakes,
          grunt_megastairs_5, uniq_erica
Lair:3:   layout_layer_cave, elwin_shoals_entry_rooms, serial_bayou_shore_b
Lair:4:   nzn_motion_control, layout_regular_city
Lair:5:   layout_loops_ring, slime_dummy
Lair:6:   grunt_lair_end_beastmaster, layout_layer_cave, eino_house_with_fridge,
          infiniplex_staircase_pool_2, uniq_urug
Spider:1: layout_spider_delve, hive_lemuel
Spider:2: layout_spider_delve, uniq_donald, uniq_agnes
Orc:1:    layout_caves, uniq_harold
Orc:2:    st_orc_elflike, layout_diamond_mine

Skill      XL: |  1  2  3  4  5  6  7  8  9 10 11 12 13 14 15 16 |
---------------+-------------------------------------------------+-----
Dodging        | 3 4 5 7 8 |  8.0
Throwing       | 3 4 6 8 10 11 12 13 14 | 14.3
Polearms       | 1 3 7 9 10 11 12 14 15 16 17 18 20 21 | 21.0
Fighting       | 2 4 5 8 10 11 12 14 | 14.0
Armour         | 1 2 4 6 7 8 9 10 | 10.4
Invocations    | 5 8 |  8.0
Spellcasting   | |  1.0
Hexes          | |  3.0

Action                   |  1- 3 |  4- 6 |  7- 9 | 10-12 | 13-15 | 16-18 || total
-------------------------+-------+-------+-------+-------+-------+-------++-------
Melee: Dagger            |    79 |   138 |   489 |    63 |       |       ||   769
       Unarmed           |     1 |       |       |       |       |       ||     1
       Tailslap          |       |     6 |     2 |       |       |       ||     8
       Spear             |       |       |   305 |    43 |       |       ||   348
       Trident           |       |       |       |   858 |   546 |       ||  1404
       Punch             |       |       |       |     1 |     1 |       ||     2
       Halberd           |       |       |       |       |   504 |       ||   504
       Bardiche          |       |       |       |       |   447 |   411 ||   858
Throw: Stone             |    79 |       |       |       |       |       ||    79
       Javelin           |    18 |       |       |    34 |   182 |    41 ||   275
       Throwing net      |     1 |       |       |       |       |       ||     1
       Boomerang         |       |    21 |    81 |    12 |   101 |       ||   215
       Dart              |       |       |       |       |     3 |       ||     3
 Cast: Corona            |    34 |     1 |     3 |     4 |       |       ||    42
Invok: Heroism           |       |       |       |     3 |     2 |     2 ||     7
       Finesse           |       |       |       |     1 |       |       ||     1
Evoke: Wand              |       |       |       |     4 |     6 |     1 ||    11
  Use: Potion            |       |       |     1 |     3 |     1 |     2 ||     7
       Scroll            |       |       |       |    11 |    17 |     4 ||    32
 Stab: Sleeping          |     1 |       |       |     1 |       |       ||     2
       Paralysed         |       |       |       |     6 |       |       ||     6
       Confused          |       |       |       |     2 |     1 |       ||     3
       Petrified         |       |       |       |       |     5 |       ||     5
Armor: Robe              |    30 |       |       |       |       |       ||    30
       Leather armour    |     3 |    36 |    17 |       |       |       ||    56
       Ring mail         |       |       |   236 |    94 |       |       ||   330
       Chain mail        |       |       |       |   218 |   576 |       ||   794
       Crystal plate arm |       |       |       |       |   291 |   568 ||   859
       Ice dragon scales |       |       |       |       |   131 |       ||   131
Dodge: Dodged            |   108 |    98 |   483 |   353 |   814 |   172 ||  2028

Table legend: (Time is in decaauts)
 A = Elapsed time spent in this place.
 B = Non-inter-level travel time spent in this place.
 C = Inter-level travel time spent in this place.
 D = Time resting spent in this place.
 E = Time spent auto-exploring this place.
 F = Levels seen in this place.
 G = Mean time per level.
                   A        B        C        D        E       F      G
               +--------+--------+--------+--------+--------+-----+--------+
         Total |  33831 |  31562 |   2269 |   3622 |  20421 |  28 | 1208.2 |
       Dungeon |  22798 |  21202 |   1596 |   2972 |  13230 |  15 | 1519.9 |
        Temple |    174 |    165 |      9 |      0 |    125 |   1 |  174.0 |
          Lair |   7616 |   7136 |    480 |    281 |   5367 |   6 | 1269.3 |
   Spider Nest |    792 |    759 |     33 |    126 |    407 |   2 |  396.0 |
  Orcish Mines |   1943 |   1795 |    148 |    239 |    972 |   2 |  971.5 |
         Sewer |    385 |    385 |      0 |      0 |    304 |   1 |  385.0 |
      Ice Cave |    120 |    120 |      0 |      2 |     15 |   1 |  120.0 |
               +--------+--------+--------+--------+--------+-----+--------+

Top non-repeatable levels by time:
     D:5: 2826 daAuts
     D:1: 2466 daAuts
     D:8: 2341 daAuts
     D:3: 1876 daAuts
    D:13: 1813 daAuts
  Lair:1: 1727 daAuts
     D:4: 1521 daAuts
     D:9: 1503 daAuts
     D:7: 1481 daAuts
  Lair:6: 1457 daAuts
     D:2: 1294 daAuts
    D:10: 1250 daAuts
  Lair:2: 1227 daAuts
    D:12: 1203 daAuts
  Lair:3: 1184 daAuts
